EVO
WICHITA STATE UNIVERSITY SHOCKERS @ UNIVERSITY OF ILLINOIS FIGHTING ILLINI
11/30/2048
 
TOP OF THE 1ST
Pennsylvania State University Nittany Lions batting - Pitching for Washington State University Cougars : LHP Ronnie Stoll
Pitching: LHP Ronnie Stoll
Batting: RHB John Hopkins 0-0: Bunt missed!
0-1: Called Strike
0-2: Ground out U3 (Groundball, 34S, EV 83.8 MPH)
Batting: RHB Mike Smith 0-0: Called Strike
0-1: Swinging Strike
0-2: Fly out, F9 (Flyball, 9, EV 91.9 MPH)
Batting: SHB Oscar Barahona 0-0: Foul Ball, location: 2F
0-1: Foul Ball, location: 2F
0-2: Strikes out swinging
Top of the 1st over - 0 runs, 0 hits, 0 errors, 0 left on base; Pennsylvania State University 0 - Washington State University 0
BOTTOM OF THE 1ST
Washington State University Cougars batting - Pitching for Pennsylvania State University Nittany Lions : RHP Quincy Potvin
Pitching: RHP Quincy Potvin
Batting: LHB Randolph Brodbeck 0-0: Ball
1-0: Ball
2-0: Ball
3-0: Foul Ball, location: 2F
3-1: Base on Balls
Batting: RHB Noe Oliva 0-0: Ball
1-0: Ball
2-0: Ball
3-0: Base on Balls
Randolph Brodbeck to second
Batting: RHB Rich Griffith 0-0: Ball
1-0: Ball
2-0: Foul Ball, location: 2F
2-1: Swinging Strike
2-2: SINGLE (Flyball, 78S, EV 99.4 MPH)
Randolph Brodbeck to third
Noe Oliva to second
Runner from 3rd tries for Home, SAFE, throw by LF to trailing runner, SAFE at third!
Batting: RHB Miguel Pacheco 0-0: Fly out, F9 (Line Drive, 89M, EV 86.2 MPH)
Runner from 3rd tags up, OUT at HOME! 9-2
Rich Griffith to second
Batting: LHB Jeremy Rideout 0-0: Foul Ball, location: 2F
0-1: Ball
1-1: Ball
2-1: Called Strike
2-2: Ball
3-2: Strikes out looking
Bottom of the 1st over - 1 run, 1 hit, 0 errors, 1 left on base; Pennsylvania State University 0 - Washington State University 1
TOP OF THE 2ND
Pennsylvania State University Nittany Lions batting - Pitching for Washington State University Cougars : LHP Ronnie Stoll
Batting: RHB Fernando Membreno 0-0: SINGLE (Groundball, 56D, EV 106.2 MPH)
Batting: RHB Jesse Sargent 0-0: Swinging Strike
0-1: Foul Ball, location: 2F
0-2: Grounds into double play, 6-4-3 (Groundball, 6, EV 101.2 MPH)
Batting: RHB Isaiah Heath 0-0: Swinging Strike
0-1: Swinging Strike
0-2: Ball
1-2: SINGLE (Line Drive, 8LS, EV 94.4 MPH)
Batting: SHB Glenn Harrison 0-0: Called Strike
0-1: Ball
1-1: Swinging Strike
1-2: Strikes out looking
Top of the 2nd over - 0 runs, 2 hits, 0 errors, 1 left on base; Pennsylvania State University 0 - Washington State University 1
BOTTOM OF THE 2ND
Washington State University Cougars batting - Pitching for Pennsylvania State University Nittany Lions : RHP Quincy Potvin
Batting: RHB Leo Lopez 0-0: Ball
1-0: Ball
2-0: Ground out 6-3 (Groundball, 6S, EV 71.2 MPH)
Batting: RHB Eric Kent 0-0: Fly out, F8 (Flyball, 8LM, EV 93.8 MPH)
Batting: RHB David Snyder 0-0: Called Strike
0-1: Foul Ball, location: 2F
0-2: Ball
1-2: Ball
2-2: Ball
3-2: Base on Balls
Batting: RHB Wilson Salgado 0-0: Ball
1-0: Ball
2-0: Ball
3-0: Called Strike
3-1: Foul Ball, location: 2F
3-2: Foul Ball, location: 2F
3-2: Fly out, F8 (Flyball, 8LD, EV 101.2 MPH)
Bottom of the 2nd over - 0 runs, 0 hits, 0 errors, 1 left on base; Pennsylvania State University 0 - Washington State University 1
TOP OF THE 3RD
Pennsylvania State University Nittany Lions batting - Pitching for Washington State University Cougars : LHP Ronnie Stoll
Batting: LHB Josh Lane 0-0: Swinging Strike
0-1: Swinging Strike
0-2: Ball
1-2: Ball
2-2: Strikes out looking
Batting: RHB Klaus Brown 0-0: Foul Ball, location: 2F
0-1: Ball
1-1: Called Strike
1-2: Strikes out looking
Batting: RHB John Hopkins 0-0: Swinging Strike
0-1: Swinging Strike
SINGLE, rundown, safe at 1st
Batting: RHB Mike Smith 0-0: Called Strike
0-1: SINGLE (Groundball, 56D, EV 94.4 MPH)
John Hopkins to second
Runner from 2nd tries for 3rd, SAFE, throw by LF made to third
Batting: SHB Oscar Barahona 0-0: Ball
Wild Pitch!
John Hopkins scores
Mike Smith to second
1-0: Ground out 5-3 (Groundball, 56, EV 102.5 MPH)
Top of the 3rd over - 1 run, 2 hits, 0 errors, 1 left on base; Pennsylvania State University 1 - Washington State University 1
BOTTOM OF THE 3RD
Washington State University Cougars batting - Pitching for Pennsylvania State University Nittany Lions : RHP Quincy Potvin
Batting: LHB Randolph Brodbeck 0-0: Called Strike
0-1: DOUBLE (Line Drive, 89D, EV 101.9 MPH)
Batting: RHB Noe Oliva 0-0: Ball
1-0: Ball
2-0: Ball
3-0: Called Strike
3-1: Ground out 6-3 (Groundball, 6, EV 94.4 MPH)
Randolph Brodbeck to third
Batting: RHB Rich Griffith 0-0: Called Strike
0-1: Ball
1-1: Ball
2-1: Ball
3-1: Fly out, F8 (Flyball, 8LD, EV 95.0 MPH)
Runner from 3rd tags up, SCORES, throw by CF
Batting: RHB Miguel Pacheco 0-0: Foul Ball, location: 2F
0-1: SINGLE (Groundball, 6MD, EV 103.1 MPH)
Batting: LHB Jeremy Rideout 0-0: Ball
1-0: Fielders Choice at 2nd, 6-4 (Groundball, 6, EV 82.5 MPH)
Bottom of the 3rd over - 1 run, 2 hits, 0 errors, 1 left on base; Pennsylvania State University 1 - Washington State University 2
TOP OF THE 4TH
Pennsylvania State University Nittany Lions batting - Pitching for Washington State University Cougars : LHP Ronnie Stoll
Batting: RHB Fernando Membreno 0-0: Ball
1-0: Fly out, F7 (Flyball, 7LD, EV 92.5 MPH)
Batting: RHB Jesse Sargent 0-0: Fly out, F7 (Line Drive, 7S, EV 91.9 MPH)
Batting: RHB Isaiah Heath 0-0: Called Strike
0-1: Called Strike
0-2: Ball
1-2: Strikes out looking
Top of the 4th over - 0 runs, 0 hits, 0 errors, 0 left on base; Pennsylvania State University 1 - Washington State University 2
BOTTOM OF THE 4TH
Washington State University Cougars batting - Pitching for Pennsylvania State University Nittany Lions : RHP Quincy Potvin
Batting: RHB Leo Lopez 0-0: Ball
1-0: Ball
2-0: Fly out, F3 (Popup, 3L, EV 56.9 MPH)
Batting: RHB Eric Kent 0-0: Called Strike
0-1: Ball
1-1: Swinging Strike
1-2: SINGLE (Groundball, 6D, EV 107.5 MPH)
Batting: RHB David Snyder 0-0: Ball
1-0: Foul Ball, location: 2F
1-1: Foul Ball, location: 2F
1-2: Grounds into double play, 5-4-3 (Groundball, 5, EV 88.8 MPH)
Bottom of the 4th over - 0 runs, 1 hit, 0 errors, 0 left on base; Pennsylvania State University 1 - Washington State University 2
TOP OF THE 5TH
Pennsylvania State University Nittany Lions batting - Pitching for Washington State University Cougars : LHP Ronnie Stoll
Batting: SHB Glenn Harrison 0-0: Called Strike
0-1: Foul Ball, location: 2F
0-2: Ball
1-2: Strikes out swinging
Batting: LHB Josh Lane 0-0: Ball
1-0: Called Strike
1-1: Foul Ball, location: 2F
1-2: SINGLE (Groundball, 3D, EV 106.2 MPH)
Batting: RHB Klaus Brown 0-0: Foul Ball, location: 2F
0-1: Ball
1-1: Swinging Strike
1-2: Strikes out swinging
Batting: RHB John Hopkins 0-0: Ball
1-0: SINGLE (Groundball, 56D, EV 103.1 MPH)
Josh Lane to second
Batting: RHB Mike Smith 0-0: Called Strike
0-1: Called Strike
0-2: Strikes out swinging
Top of the 5th over - 0 runs, 2 hits, 0 errors, 2 left on base; Pennsylvania State University 1 - Washington State University 2
BOTTOM OF THE 5TH
Washington State University Cougars batting - Pitching for Pennsylvania State University Nittany Lions : RHP Quincy Potvin
Batting: RHB Wilson Salgado 0-0: Foul Ball, location: 2F
0-1: Ground out 5-3 (Groundball, 5, EV 91.9 MPH)
Batting: LHB Randolph Brodbeck 0-0: Called Strike
0-1: Ball
1-1: Ball
2-1: SINGLE (Line Drive, 4MD, EV 97.5 MPH)
Batting: RHB Noe Oliva 0-0: Ball
1-0: Ball
2-0: Ball
3-0: Foul Ball, location: 2F
3-1: DOUBLE (Flyball, 8LXD, EV 94.4 MPH)
Randolph Brodbeck to third
Runner from 3rd tries for Home, SAFE, no throw by CF
Batting: RHB Rich Griffith 0-0: Foul Ball, location: 2F
0-1: Swinging Strike
0-2: Ball
1-2: Ball
2-2: Ball
3-2: DOUBLE (Groundball, 3L, EV 100.6 MPH)
Noe Oliva scores
Batting: RHB Miguel Pacheco 0-0: Ball
1-0: Ball
2-0: Ball
3-0: Called Strike
3-1: SINGLE (Groundball, 34D, EV 94.4 MPH)
Rich Griffith to third
Runner from 3rd tries for Home, SAFE, throw by RF to home
Pitching: LHP James Marker
Batting: LHB Jeremy Rideout 0-0: Fly out, F9 (Line Drive, 9S, EV 95.0 MPH)
Batting: RHB Leo Lopez 0-0: Called Strike
0-1: Fly out, F7 (Flyball, 7LM, EV 87.5 MPH)
Bottom of the 5th over - 3 runs, 4 hits, 0 errors, 1 left on base; Pennsylvania State University 1 - Washington State University 5
TOP OF THE 6TH
Pennsylvania State University Nittany Lions batting - Pitching for Washington State University Cougars : LHP Ronnie Stoll
Batting: SHB Oscar Barahona 0-0: Foul Ball, location: 2F
0-1: Swinging Strike
0-2: Ground out 5-3 (Groundball, 56S, EV 83.8 MPH)
Batting: RHB Fernando Membreno 0-0: DOUBLE (Flyball, 8LXD, EV 96.9 MPH)
Batting: RHB Jesse Sargent 0-0: SINGLE (Groundball, 4MD, EV 111.2 MPH)
Fernando Membreno to third
Batting: RHB Isaiah Heath 0-0: Called Strike
0-1: Ball
1-1: Ball
2-1: Swinging Strike
2-2: Ball
3-2: Strikes out swinging
Batting: SHB Glenn Harrison 0-0: Called Strike
0-1: DOUBLE (Flyball, 89XD, EV 104.4 MPH)
Fernando Membreno scores
Jesse Sargent to third
Batting: LHB Josh Lane 0-0: Ground out 1-3 (Groundball, P, EV 68.1 MPH)
Top of the 6th over - 1 run, 3 hits, 0 errors, 2 left on base; Pennsylvania State University 2 - Washington State University 5
BOTTOM OF THE 6TH
Washington State University Cougars batting - Pitching for Pennsylvania State University Nittany Lions : LHP James Marker
Batting: RHB Eric Kent 0-0: Called Strike
0-1: Ball
1-1: Ground out 6-3 (Groundball, 6, EV 103.1 MPH)
Batting: RHB David Snyder 0-0: Ball
1-0: Ball
2-0: Foul Ball, location: 2F
2-1: Swinging Strike
2-2: Ball
3-2: Fly out, F9 (Flyball, 9LS, EV 89.4 MPH)
Batting: RHB Wilson Salgado 0-0: Ball
1-0: Foul Ball, location: 2F
1-1: Fly out, F5 (Popup, 56S, EV 73.8 MPH)
Bottom of the 6th over - 0 runs, 0 hits, 0 errors, 0 left on base; Pennsylvania State University 2 - Washington State University 5
TOP OF THE 7TH
Pennsylvania State University Nittany Lions batting - Pitching for Washington State University Cougars : LHP Ronnie Stoll
Batting: RHB Klaus Brown 0-0: Fly out, F9 (Flyball, 9, EV 87.5 MPH)
Batting: RHB John Hopkins 0-0: Ball
1-0: Ball
2-0: Foul Ball, location: 2F
2-1: Fly out, F8 (Line Drive, 8RD, EV 93.8 MPH)
Batting: RHB Mike Smith 0-0: Ball
1-0: Ball
2-0: Foul Ball, location: 2F
2-1: Foul Ball, location: 2F
2-2: Strikes out swinging
Top of the 7th over - 0 runs, 0 hits, 0 errors, 0 left on base; Pennsylvania State University 2 - Washington State University 5
BOTTOM OF THE 7TH
Washington State University Cougars batting - Pitching for Pennsylvania State University Nittany Lions : LHP James Marker
Pitching: RHP Colin Walker
Batting: LHB Randolph Brodbeck 0-0: Ground out U3 (Groundball, 3, EV 88.1 MPH)
Batting: RHB Noe Oliva 0-0: Called Strike
0-1: Ground out 4-3 (Groundball, 4, EV 88.1 MPH)
Batting: RHB Rich Griffith 0-0: Fly out, F8 (Flyball, 78M, EV 76.2 MPH)
Bottom of the 7th over - 0 runs, 0 hits, 0 errors, 0 left on base; Pennsylvania State University 2 - Washington State University 5
TOP OF THE 8TH
Pennsylvania State University Nittany Lions batting - Pitching for Washington State University Cougars : LHP Ronnie Stoll
Pitching: RHP Juan Serrano
Batting: SHB Oscar Barahona 0-0: Ball
1-0: Ball
2-0: Swinging Strike
2-1: Foul Ball, location: 2F
2-2: DOUBLE (Flyball, 89D, EV 106.2 MPH)
Batting: RHB Fernando Membreno 0-0: Swinging Strike
0-1: Called Strike
0-2: Ball
1-2: Strikes out swinging
Batting: RHB Roberto Medina 0-0: Ball
1-0: Ball
2-0: Ball
3-0: Called Strike
3-1: Ground out 6-3 (Groundball, 6, EV 87.5 MPH)
Batting: RHB Isaiah Heath 0-0: Swinging Strike
0-1: Fly out, F8 (Flyball, 8LM, EV 91.9 MPH)
Top of the 8th over - 0 runs, 1 hit, 0 errors, 1 left on base; Pennsylvania State University 2 - Washington State University 5
BOTTOM OF THE 8TH
Washington State University Cougars batting - Pitching for Pennsylvania State University Nittany Lions : RHP Colin Walker
Batting: RHB Miguel Pacheco 0-0: Ball
1-0: Ball
2-0: Fly out, F8 (Flyball, 8RM, EV 89.4 MPH)
Batting: LHB Jeremy Rideout 0-0: Hit by Pitch
Batting: RHB Leo Lopez 0-0: Fly out, F5 (Popup, 5SF, EV 74.4 MPH)
Batting: RHB Eric Kent 0-0: Ball
1-0: Ball
2-0: Called Strike
2-1: Called Strike
2-2: Ball
3-2: Strikes out swinging
Bottom of the 8th over - 0 runs, 0 hits, 0 errors, 1 left on base; Pennsylvania State University 2 - Washington State University 5
TOP OF THE 9TH
Pennsylvania State University Nittany Lions batting - Pitching for Washington State University Cougars : RHP Juan Serrano
Pitching: LHP Travis Joyal
Batting: SHB Glenn Harrison 0-0: Called Strike
0-1: Called Strike
0-2: Ball
1-2: Ball
2-2: Strikes out looking
Pinch Hitting: RHB Craig Alvarado 0-0: Foul Ball, location: 2F
0-1: DOUBLE (Line Drive, 9LS, EV 92.5 MPH)
Pinch Hitting: RHB Jesus Resendez 0-0: Called Strike
0-1: Swinging Strike
0-2: Strikes out swinging
Batting: RHB John Hopkins 0-0: Ball
1-0: Ball
2-0: Called Strike
2-1: Swinging Strike
2-2: Foul Ball, location: 2F
2-2: Strikes out swinging
Top of the 9th over - 0 runs, 1 hit, 0 errors, 1 left on base; Pennsylvania State University 2 - Washington State University 5
Tuesday, March 28th , 2023 - OOTP Baseball 23.10 Build 110